Map: Disco Bloodbath LE

Players

LiquidTLO (TLO)

  • Race: Zerg Zerg
  • League: Master
  • Spawn Location: 9:00

llllllllllll (Oliveira) - Winner!

  • Race: Terran Terran
  • League: Master
  • Spawn Location: 3:00

Event: HomeStory Cup XX

VOD

Have the link to the VOD?

Description

Time

  • Played on: Nov. 21, 2019, 8:52 a.m.
  • Length: 8:40

All games in this series

Show
View Real Time Build Order
Export as new Build Order

LiquidTLO Zerg 

Build Orders: Hatch First 

Get SALT Encoding   

  12  0:00  Drone  
  13  0:13  Overlord  
  13  0:17  Drone  
  14  0:31  Drone x2  
  16  0:49  Hatchery  
  15  0:52  Drone  
  15  0:55  Drone  
  17  0:58  Drone  
  18  1:06  Extractor  
  17  1:14  Spawning Pool  
  17  1:17  Drone  
  17  1:20  Drone  
  18  1:29  Drone  
  19  1:40  Drone  
  20  1:50  Overlord  
  20  2:01  Queen  
  20  2:02  Queen  
  20  2:04  Drone x2  
  20  2:07  Metabolic Boost  
  26  2:13  Drone  
  26  2:15  Drone  
  28  2:22  Drone  
  29  2:23  Drone  
  30  2:36  Extractor, Hatchery  
  28  2:43  Queen  
  31  2:48  Overlord  
  31  2:50  Zergling x2  
  32  2:55  Drone, Overlord  
  33  2:59  Drone  
  33  3:00  Drone  
  33  3:04  Drone  
  36  3:07  Drone  
  36  3:10  Drone  
  38  3:13  Drone x2  
  38  3:17  Drone  
  41  3:21  Queen  
  41  3:24  Drone  
  44  3:28  Drone  
  44  3:33  Queen  
  47  3:35  Drone  
  47  3:40  Zergling x2  
  49  3:43  Zergling x2  
  49  3:44  Zergling x4  
  49  3:48  Queen  
  52  3:49  Drone, Overlord  
  52  3:54  Overlord  
  52  3:55  Drone  
  55  3:58  Pneumatized Carapace  
  55  4:04  Drone  
  55  4:06  Drone  
  55  4:07  Drone  
  58  4:10  Overlord  
  58  4:13  Drone  
  58  4:15  Drone, Baneling Nest  
  59  4:18  Drone  
  59  4:20  Drone  
  59  4:21  Drone  
  62  4:24  Overlord  
  62  4:25  Drone  
  62  4:27  Drone  
  64  4:31  Drone  
  64  4:33  Overlord  
  64  4:34  Zergling x4  
  64  4:35  Extractor, Zergling x2  
  64  4:38  Zergling x2  
  68  4:43  Zergling x2  
  68  4:45  Zergling x4  
  71  4:47  Zergling x4  
  71  4:50  Spore Crawler, Overlord  
  72  4:54  Drone  
  72  4:58  Drone x3  
  76  5:00  Baneling  
  76  5:01  Baneling x2  
  76  5:02  Drone x2  
  76  5:05  Spore Crawler  
  76  5:06  Spore Crawler  
  76  5:08  Drone  
  76  5:09  Drone  
  76  5:12  Lair  
  77  5:14  Extractor  
  77  5:15  Extractor  
  77  5:16  Drone  
  77  5:17  Evolution Chamber x2  
  77  5:18  Drone  
  77  5:19  Drone  
  76  5:21  Drone  
  76  5:22  Drone x2  
  76  5:25  Drone  
  76  5:27  Drone  
  82  5:28  Drone x2  
  82  5:29  Drone  
  84  5:37  Drone  
  84  5:38  Drone  
  86  5:45  Hatchery, Overlord  
  86  5:46  Drone x3  
  86  5:48  Drone  
  89  5:53  Overlord  
  89  5:55  Zerg Melee Weapons Level 1, Zerg Ground Armor Level 1  
  89  5:56  Drone  
  90  5:59  Extractor  
  90  6:00  Zergling x2  
  90  6:04  Zergling x6  
  92  6:05  Zergling x4  
  92  6:06  Zergling x2  
  92  6:07  Zergling x2  
  92  6:08  Zergling x2  
  92  6:11  Centrifical Hooks, Zergling x2  
  98  6:12  Zergling x2  
  98  6:14  Zergling x4  
  102  6:19  Drone  
  102  6:20  Zergling x2, Hydralisk Den  
  102  6:22  Zergling x4  
  102  6:23  Baneling x3  
  102  6:24  Zergling x2  
  106  6:31  Overlord x3  
  106  6:33  Extractor, Baneling x3  
  106  6:34  Baneling  
  106  6:35  Overlord  
  106  6:38  Overlord  
  105  6:40  Overlord  
  105  6:43  Overlord  
  105  6:45  Overlord  
  105  6:46  Zergling x2  
  105  6:49  Overlord  
  105  6:52  Zergling x6  
  108  6:55  Muscular Augments  
  108  6:57  Baneling x2  
  108  7:04  Zergling x2  
  108  7:05  Drone  
  108  7:07  Drone  
  108  7:08  Drone  
  108  7:09  Drone x2  
  108  7:12  Drone  
  108  7:13  Drone  
  108  7:14  Zergling x2, Drone  
  108  7:16  Zergling x2  
  108  7:18  Hydralisk  
  108  7:19  Hydralisk x2  
  108  7:21  Hydralisk  
  117  7:24  Baneling x2  
  117  7:26  Hydralisk  
  117  7:27  Drone  
  117  7:29  Drone  
  119  7:30  Drone x2  
  119  7:31  Drone  
  119  7:32  Drone  
  119  7:33  Hydralisk  
  125  7:39  Hydralisk  
  125  7:40  Hydralisk  
  128  7:45  Queen  
  128  7:48  Hydralisk  
  132  7:52  Zergling x2  
  132  7:54  Zergling x4  
  132  7:56  Zergling x4  
  132  7:57  Zergling x2  
  132  7:58  Zergling x4  
  124  7:59  Zergling x4, Hydralisk  
  124  8:00  Zergling x2  
  124  8:02  Baneling x4  
  124  8:05  Zergling x4  
  128  8:06  Zergling x2  
  128  8:07  Zergling x2  
  128  8:10  Zergling x2  
  129  8:12  Zergling x2  
  129  8:13  Zergling x2  
  129  8:15  Zergling x2  
  129  8:16  Zergling x2  
  129  8:19  Zergling x2  
Show
View Real Time Build Order
Export as new Build Order

llllllllllll Terran - Winner!

Build Orders: Hellion Opening, Reaper Expand 

Get SALT Encoding   

  12  0:00  SCV  
  13  0:13  SCV  
  14  0:17  Supply Depot  
  14  0:25  SCV  
  15  0:38  SCV  
  15  0:40  Barracks  
  16  0:44  Refinery  
  16  0:50  SCV  
  17  1:02  SCV  
  18  1:15  SCV  
  19  1:27  Orbital Command, Reaper  
  20  1:38  Command Center  
  20  1:47  Supply Depot  
  20  1:53  SCV  
  21  1:59  Marine  
  22  2:05  SCV  
  22  2:08  Factory  
  23  2:10  Refinery  
  23  2:17  SCV  
  23  2:22  Barracks Reactor  
  24  2:29  SCV  
  25  2:42  SCV  
  26  2:51  Orbital Command  
  26  2:53  Starport  
  26  2:54  SCV  
  27  3:01  Hellion  
  27  3:02  Hellion  
  27  3:05  Marine  
  32  3:06  SCV  
  33  3:17  SCV  
  33  3:18  SCV  
  35  3:22  Hellion  
  35  3:23  Hellion  
  35  3:24  Supply Depot  
  35  3:25  Barracks Tech Lab  
  39  3:30  SCV x2  
  39  3:32  Viking  
  43  3:42  SCV  
  43  3:43  SCV  
  43  3:46  Hellion x2  
  49  3:49  Supply Depot  
  49  3:54  SCV  
  49  3:55  SCV  
  51  3:58  Stimpack  
  51  4:06  SCV  
  52  4:12  SCV  
  52  4:13  Marine  
  52  4:17  Command Center  
  54  4:20  Factory Tech Lab  
  54  4:21  Supply Depot, SCV  
  55  4:26  Starport Reactor, SCV  
  55  4:30  Barracks  
  56  4:32  Barracks  
  56  4:33  SCV  
  58  4:38  SCV  
  58  4:39  Siege Tank  
  58  4:40  Marine  
  62  4:46  Supply Depot, SCV  
  62  4:50  SCV  
  64  4:57  Engineering Bay x2  
  64  4:58  SCV  
  65  5:02  Refinery x2, Marine  
  65  5:04  SCV  
  67  5:09  Starport Reactor  
  67  5:10  SCV  
  68  5:15  Siege Tank  
  68  5:16  SCV  
  68  5:17  Marine  
  68  5:21  Marine  
  74  5:22  Marine, SCV  
  74  5:24  Terran Infantry Weapons Level 1, Terran Infantry Armor Level 1  
  74  5:28  Marine x2, SCV  
  77  5:32  Orbital Command  
  80  5:35  Marine, SCV  
  80  5:39  Supply Depot  
  80  5:40  Combat Shield  
  80  5:41  Marine  
  82  5:43  Marine  
  82  5:44  SCV  
  82  5:47  Marine  
  82  5:48  Marine  
  86  5:51  Medivac x2  
  86  5:57  Marine  
  90  5:58  SCV  
  90  5:59  Orbital Command  
  90  6:00  SCV  
  90  6:01  Siege Tank  
  90  6:02  Marine  
  90  6:04  Supply Depot  
  97  6:06  Supply Depot  
  97  6:07  Marine  
  97  6:08  Marine  
  97  6:10  SCV  
  100  6:13  SCV  
  101  6:25  Marine x3, SCV  
  105  6:26  SCV x2  
  105  6:29  Medivac x2  
  105  6:31  Supply Depot  
  111  6:33  Marine, Supply Depot  
  111  6:36  Supply Depot  
  111  6:37  SCV  
  113  6:40  Marine, Siege Tank  
  117  6:49  Refinery  
  117  6:50  Refinery  
  117  6:51  Armory  
  117  6:52  Barracks  
  117  6:53  Barracks, SCV x2  
  119  6:57  Marine  
  119  6:59  Marine x2  
  122  7:04  Marine  
  122  7:09  Marine  
  122  7:15  Marine  
  123  7:16  Marine, Medivac x2, Siege Tank  
  123  7:18  SCV x3  
  123  7:22  Factory  
  134  7:23  Marine  
  134  7:24  Marine  
  134  7:27  Marine, Supply Depot  
  134  7:29  Supply Depot  
  137  7:30  SCV  
  137  7:33  Marine  
  137  7:35  Marine  
  137  7:36  Command Center, SCV  
  141  7:41  Marine  
  139  7:44  Marine  
  139  7:46  Barracks Reactor x2  
  139  7:49  Siege Tank  
  143  7:57  Marine  
  132  7:58  Marine  
  132  8:00  Marine x2  
  132  8:03  SCV x2  
  132  8:05  Marine  
  138  8:06  Factory Tech Lab  
  138  8:14  Marine  
  138  8:16  Marine  
  138  8:18  Marine, SCV x2  
  138  8:19  SCV  
  145  8:20  Supply Depot  
Tags
 
Add a new tag
Caveats
  • Supply blocks, unpowered buildings, or Contaminate may cause inaccurate times.
  • Supply counts are checked every 10 seconds.